 Dungeon Crawl Stone Soup version 0.22-a0-512-g0943f25 (webtiles) character file.

920 inc the Chiller (level 7, -4/33 HPs)
             Began as a Felid Ice Elementalist on June 18, 2018.
             Was a Follower of Sif Muna.
             Slain by a hippogriff (9 damage)
             ... on level 7 of the Dungeon.
             The game lasted 00:18:50 (9449 turns).

inc the Chiller (Felid Ice Elementalist)            Turns: 9449, Time: 00:18:51

Health: -4/33      AC:  8    Str:  4    XL:     7   Next: 83%
Magic:  0/14       EV: 19    Int: 18    God:    Sif Muna [*.....]
Gold:   240        SH:  0    Dex: 17    Spells: 2/14 levels left
                                        Lives:  0   Deaths: 2

rFire    . . .     SeeInvis +   (weapon unavailable)
rCold    . . .     Gourm    .   (shield unavailable)
rNeg     . . .     Faith    .   (armour unavailable)
rPois    .         Spirit   .   (helmet unavailable)
rElec    .         Reflect  .   (cloak unavailable)
rCorr    .         Harm     .   (gloves unavailable)
MR       +....                  (boots unavailable)
Stlth    ++++......             (no amulet)
HPRegen  0.11/turn              d - ring of wizardry
MPRegen  0.14/turn              h - ring of stealth

@: icy armour, very slightly contaminated, quick
A: very small, no armour, no weapons or thrown items, stealth, claws 1, fangs 3,
see invisible, carnivore, speed 1, shaggy fur 2, slow metabolism 1, sharp paws
a: Divine Energy, Renounce Religion


You were on level 7 of the Dungeon.
You worshipped Sif Muna.
Sif Muna was aware of your devotion.
You were not hungry.

You visited 2 branches of the dungeon, and saw 8 of its levels.

You collected 240 gold pieces.

Inventory:

Jewellery
 a - an uncursed ring of fire
 d - a ring of wizardry (left paw)
 h - a ring of stealth (right paw)
 s - an uncursed ring of fire
Scrolls
 c - 6 scrolls of remove curse {unknown}
 e - 2 scrolls of identify
 g - 3 scrolls of fog {unknown}
 i - 5 scrolls of teleportation {unknown}
 k - a scroll of random uselessness {unknown}
 l - 2 scrolls of blinking
 n - 3 scrolls of fear {unknown}
 o - a scroll of magic mapping
 q - a scroll of enchant weapon
Potions
 f - 3 potions of flight
 m - a potion of degeneration
 p - 2 potions of brilliance
 r - a potion of lignification
Comestibles
 b - 15 rations


   Skills:
 - Level 4.9 Fighting
 - Level 4.2 Dodging
 - Level 2.6 Stealth
 - Level 4.0 Spellcasting
 + Level 4.1 Conjurations
 - Level 4.2 Summonings
 - Level 5.8 Ice Magic


You had 2 spell levels left.
You knew the following spells:

 Your Spells              Type           Power        Failure   Level  Hunger
a - Freeze                Ice            ###.         1%          1    None
b - Ozocubu's Armour      Chrm/Ice       ##......     5%          3    ###....
c - Throw Icicle          Conj/Ice       ###.....     8%          4    ####...
d - Summon Ice Beast      Ice/Summ       ###.....     8%          4    ####...

Your spell library contained the following spells:

 Spells                   Type           Power        Failure   Level  Hunger
 Magic Dart               Conj           ###.         1%          1    None
 Apportation              Tloc           #.....       6%          1    None
 Conjure Flame            Conj/Fire      ##......     8%          3    ###....
 Slow                     Hex            #.......     9%          2    ##.....
 Throw Frost              Conj/Ice       ###...       1%          2    ##.....
 Mephitic Cloud           Conj/Pois/Air  #.......     11%         3    ###....
 Summon Small Mammal      Summ           ###.         1%          1    None
 Blink                    Tloc           N/A          9%          2    ##.....
 Animate Skeleton         Necr           N/A          6%          1    None
 Call Imp                 Summ           ###.....     1%          2    ##.....
 Spider Form              Tmut/Pois      #.........   17%         3    ###....
 Blade Hands              Tmut           #.........   82%         5    ######.
 Ice Form                 Ice/Tmut       ##......     17%         4    ####...
 Confusing Touch          Hex            #.....       6%          1    None
 Sticks to Snakes         Tmut           #.......     9%          2    ##.....
 Beastly Appendage        Tmut           #.....       6%          1    None


Dungeon Overview and Level Annotations

Branches:
Dungeon (7/15)             Temple (1/1) D:5

Altars:
Ashenzari
Cheibriados
Dithmenos
Elyvilon
Fedhas
Gozag
Kikubaaqudgha
Makhleb
Nemelex Xobeh
Okawaru
Qazlal
Ru
Sif Muna
Trog
Uskayaw
Vehumet
Wu Jian
Xom
Yredelemnul
Zin
The Shining One

Shops:
D:2 *   D:4 :

Annotations:
D:6 Blork the orc, Menkaure
D:7 3 runed doors, Nyrch's ghost, novice DEFE; Zoonla's ghost, novice GnTm


Innate Abilities, Weirdness & Mutations

You cannot wear armour.
You are incapable of wielding weapons or throwing items.
Your paws allow you to move quietly. (Stealth)
You have sharp claws.
You have razor-sharp teeth.
You have supernaturally acute eyesight. (SInv)
You are carnivorous and can eat meat at any time.
You cover ground quickly.
You are covered in thick fur. (AC +2)
You have a slow metabolism.
Your sharp claws are effective at attacking unaware monsters.


Message History

Casting: Summon Ice Beast (safe; 8% risk of failure)
Confirm with . or Enter, or press ? or * to list all spells.
Aiming: Freeze (safe; 1% risk of failure)
Press: ? - help, Shift-Dir - straight line, f/p - hippogriff
Aim: a hippogriff (heavily wounded)
You freeze the hippogriff.
The hippogriff is severely wounded.
The hippogriff closely misses you.
The hippogriff pecks you but does no damage.
The hippogriff claws you but does no damage.
You scratch the hippogriff.
The hippogriff is severely wounded.
The hippogriff bites you but does no damage.
The hippogriff barely misses you. The hippogriff closely misses you.
You barely miss the hippogriff.
The hippogriff is severely wounded.
The hippogriff bites you.
* * * LOW HITPOINT WARNING * * *
The hippogriff pecks you!
You die...

#..######### #......##.#.#
##..........#
#.##.####.#.#
..........<....# #.##.#
#.. # ...............#
#.##.. ...
................###..#...
..
..........................
................####...
......##........# .....
#......@.# #......H....#
#..............
...............
..?............
.#####......... #.........
..........


You could see a hippogriff.

Vanquished Creatures
  Pikel (D:5)
  An orc warrior (D:7)
  A sky beast (D:5)
  An ogre (D:7)
  2 big kobolds
  2 scorpions (D:4)
  2 crimson imps (D:5)
  A centaur zombie (D:7)
  2 hounds
  2 orc priests
  3 orc wizards
  A bullfrog skeleton (D:6)
  An iguana (D:4)
  3 worker ants
  A hound zombie (D:7)
  Robin (D:2)
  A hound skeleton (D:4)
  10 adders
  3 oozes
  2 adder skeletons
  A worm (D:6)
  3 leopard geckos
  33 orcs
  5 giant cockroaches
  12 goblins
  13 hobgoblins
  4 jackals (D:5)
  A quokka (D:2)
  4 ball pythons
  4 bats
  3 frilled lizards
  12 kobolds
  10 rats
146 creatures vanquished.

Vanquished Creatures (collateral kills)
  A slave (D:6)
  A phantom (D:6)
  A centaur (D:6)
  A howler monkey (D:5)
  An orc priest (D:7)
  A worker ant zombie (D:5)
  2 orcs
8 creatures vanquished.

Vanquished Creatures (others)
  2 slaves (D:6)
  An orc priest (D:6)
  An orc (D:6)
  4 withered plants (D:7)
8 creatures vanquished.

Grand Total: 162 creatures vanquished

Notes
Turn   | Place    | Note
-------+----------+-------------------------------------------
     0 | D:1      | inc the Felid Ice Elementalist began the quest for the Orb.
     0 | D:1      | Reached XP level 1. HP: 7/7 MP: 4/4
   177 | D:1      | Reached skill level 3 in Ice Magic
   230 | D:1      | Reached XP level 2. HP: 5/11 MP: 0/6
  1017 | D:1      | Reached XP level 3. HP: 14/14 MP: 1/7
  1285 | D:2      | Found a basalt altar of Yredelemnul.
  1379 | D:2      | Noticed Robin
  1687 | D:2      | Killed Robin
  1690 | D:2      | Reached XP level 4. HP: 18/18 MP: 2/10
  1764 | D:2      | Found a blossoming altar of Fedhas.
  1945 | D:2      | Found Zin's Purification Station.
  2154 | D:3      | Found an ornate altar of the Wu Jian Council.
  2330 | D:3      | Found an iron altar of Okawaru.
  2461 | D:2      | Found a glowing silver altar of Zin.
  2533 | D:2      | Learned a level 3 spell: Ozocubu's Armour
  2538 | D:2      | Learned a level 4 spell: Throw Icicle
  3119 | D:3      | Found a glowing golden altar of the Shining One.
  3203 | D:3      | Reached XP level 5. HP: 1/21 MP: 9/12
  3580 | D:3      | Reached skill level 4 in Ice Magic
  4235 | D:4      | Found a sacrificial altar of Ru.
  4257 | D:4      | Found a sparkling altar of Nemelex Xobeh.
  4259 | D:4      | Found an opulent altar of Gozag.
  4276 | D:4      | Gained mutation: You are covered in thick fur. (AC +2) [Felid growth]
  4276 | D:4      | Reached XP level 6. HP: 24/24 MP: 9/13
  4278 | D:4      | Reached skill level 5 in Ice Magic
  4578 | D:4      | Found a bloodstained altar of Trog.
  4604 | D:4      | Found Fyum's Book Boutique.
  5396 | D:4      | Learned a level 4 spell: Summon Ice Beast
  5514 | D:5      | Entered Level 5 of the Dungeon
  5514 | D:5      | Noticed a sky beast
  5519 | D:5      | HP: 1/24 [sky beast (6)]
  5530 | D:5      | Slain by a sky beast
  5531 | D:5      | Reached XP level 5. HP: -3/21 MP: 8/12
  5537 | D:6      | Noticed an orc warrior
  5586 | D:5      | Found a staircase to the Ecumenical Temple.
  5591 | D:5      | Reached skill level 1 in Summonings
  5599 | D:5      | Reached XP level 6. HP: 18/24 MP: 1/13
  5615 | Temple   | Entered the Ecumenical Temple
  5886 | Temple   | Became a worshipper of Sif Muna the Loreminder
  6094 | D:5      | Noticed a two-headed ogre
  6095 | D:5      | Found a burning altar of Makhleb.
  6552 | D:5      | Killed a sky beast
  6860 | D:5      | Reached XP level 7. HP: 25/27 MP: 11/14
  6894 | D:5      | Reached skill level 1 in Conjurations
  7953 | D:6      | Noticed Menkaure
  7953 | D:6      | Noticed Blork the orc
  7955 | D:6      | Noticed Pikel
  8006 | D:5      | Killed Pikel
  8006 | D:5      | Reached XP level 8. HP: 33/36 MP: 2/15
  8433 | D:5      | Slain by an orc warrior
  8434 | D:5      | Reached XP level 7. HP: -1/33 MP: 1/14
  8819 | D:7      | Found a runed gate.
  8819 | D:7      | Found a runed gate.
  8819 | D:7      | Found a runed gate.
  8914 | D:7      | Noticed Zoonla's ghost (novice GnTm)
  8916 | D:7      | Noticed Nyrch's ghost (novice DEFE)
  9109 | D:7      | Reached * piety under Sif Muna
  9433 | D:7      | Noticed a hippogriff
  9449 | D:7      | Slain by a hippogriff

Vault maps used:
D:1:      shiori_shiawase
D:2:      nicolae_overflow_crystal_walls, lemuel_doored_altar, zin_purify,
          first_ration, serial_bayou_pond_b, uniq_robin
D:3:      okawaru_gym_becter, overflow_temple_1_default, tso_oasis_becter
D:4:      bloody_trog, nicolae_overflow_hidden_temple, serial_glass,
          glass_columns_b, glass_columns_b, serial_shops, shop
D:5:      makhleb_heckhound_becter, temple_green,
          hangedman_abyss_or_decor_slice, st_stairs_4
D:6:      uniq_blork_the_orc, uniq_pikel, uniq_menkaure, uniq_grinder
D:7:      gammafunk_ghost_cemetery, grunt_ogre_cave
Temple:   eino_wide_crystal_templ

Skill      XL: |  1  2  3  4  5  6  7  8 |
---------------+-------------------------+-----
Ice Magic      | 3 4 5 |  5.8
Spellcasting   | 3 4 |  4.0
Summonings     | 1 4 |  4.2
Conjurations   | 4 |  4.1
Fighting       | 4 |  4.9
Dodging        | 4 |  4.2
Stealth        | |  2.6

Action                   |  1- 3 |  4- 6 |  7- 9 || total
-------------------------+-------+-------+-------++-------
Melee: Unarmed           |    41 |   105 |    63 ||   209
       Bite              |     2 |     9 |     7 ||    18
 Cast: Freeze            |    50 |   146 |    67 ||   263
       Ozocubu's Armour  |       |     2 |     4 ||     6
       Summon Ice Beast  |       |     1 |    12 ||    13
       Throw Icicle      |       |       |     7 ||     7
  Use: Scroll            |       |    10 |       ||    10
       Potion            |       |       |     3 ||     3
 Stab: Sleeping          |     2 |    12 |     3 ||    17
  Eat: Chunk             |     8 |    14 |     5 ||    27
Armor: Skin              |     3 |    18 |    19 ||    40
Dodge: Dodged            |    60 |   185 |   128 ||   373

Table legend:
 A = Spawn XP
 B = Non-spawn XP
 C = Spawn XP percentage of total XP
 D = Spawn monster count
 E = Non-spawn monster count
 F = Spawn count percentage of total count
 G = Total turns spent on level
                    A         B        C        D         E        F      G
               +---------+---------+-------+---------+---------+-------+---------
         Total |       0 |    2373 |   0.0 |       0 |     153 |   0.0 |  9449
               +---------+---------+-------+---------+---------+-------+---------
           D:1 |       0 |      45 |   0.0 |       0 |      24 |   0.0 |  1443
           D:2 |       0 |      97 |   0.0 |       0 |      28 |   0.0 |   972
           D:3 |       0 |      90 |   0.0 |       0 |      22 |   0.0 |  1495
           D:4 |       0 |     374 |   0.0 |       0 |      25 |   0.0 |  1799
           D:5 |       0 |    1024 |   0.0 |       0 |      26 |   0.0 |  2060
           D:6 |       0 |     234 |   0.0 |       0 |      10 |   0.0 |   753
           D:7 |       0 |     509 |   0.0 |       0 |      18 |   0.0 |   639
               +---------+---------+-------+---------+---------+-------+---------
